 Dungeon Crawl Stone Soup version 0.30-a0-355-g4c39ff33d3 (webtiles) character file.

Game seed: 1254815381441445562

3951 Essalna the Arsonist (level 10, -1/66 HPs)
             Began as a Tengu Fire Elementalist on Nov 8, 2022.
             Was a Priest of Vehumet.
             Slain by a catoblepas (12 damage)
             ... on level 8 of the Dungeon.
             The game lasted 00:16:11 (9791 turns).

Essalna the Arsonist (Tengu Fire Elementalist)      Turns: 9791, Time: 00:16:12

Health: -1/66      AC:  3    Str:  8    XL:     10   Next: 21%
Magic:  7/14       EV:  8    Int: 20    God:    Vehumet [***...]
Gold:   532        SH:  5    Dex: 15    Spells: 6/13 levels left

rFire   . . .      SeeInvis .    j - +1 dagger (venom)
rCold   . . .      Faith    .    l - +0 buckler
rNeg    . . .      Spirit   .    a - +0 robe
rPois   .          Reflect  .    (helmet restricted)
rElec   .          Harm     .    r - +0 cloak
rCorr   +          Rampage  .    (no gloves)
Will    .....                    (boots unavailable)
Stlth   ++........               y - amulet of regeneration
HPRegen 1.11/turn                f - ring of wizardry
MPRegen 0.14/turn                v - ring of resist corrosion

@: about to teleport, petrifying, flying quickly and evasively, very slow
A: beak, talons 3, nimble flight
a: Renounce Religion


You were on level 8 of the Dungeon.
You worshipped Vehumet.
Vehumet was most pleased with you.
You visited 2 branches of the dungeon, and saw 10 of its levels.

You collected 532 gold pieces.

Inventory:

Hand Weapons
 j - a +1 dagger of venom (weapon)
 t - the +11 dagger of the Arena {pain, *Slow rElec Str+7}
   (You found it on level 4 of the Dungeon)

   In the hands of one skilled in necromantic magic, it inflicts extra damage on
   living creatures.
   Str:       It affects your strength (+7).
   rElec:     It insulates you from electricity.
   *Slow:     It may slow you when you take damage.
Missiles
 q - 2 throwing nets
Armour
 a - a +0 robe (worn)
 l - a +0 buckler (worn)
 r - a +0 cloak (worn)
 J - a +0 pair of gloves
Magical Staves
 I - a staff of earth
Jewellery
 e - an amulet of the acrobat
 f - a ring of wizardry (left hand)
 v - a ring of resist corrosion (right hand)
 y - an amulet of regeneration (around neck)
 F - a +6 ring of dexterity
Wands
 d - a wand of polymorph (19)
 D - a wand of iceblast (7)
 E - a wand of paralysis (19)
Scrolls
 g - 5 scrolls of noise {unknown}
 i - 13 scrolls of identify {unknown}
 m - 5 scrolls of immolation {unknown}
 n - 2 scrolls of teleportation
 o - 3 scrolls of vulnerability {unknown}
 p - 2 scrolls of magic mapping
 s - 2 scrolls of poison {unknown}
 u - a scroll of fear {unknown}
 z - 2 scrolls of enchant weapon {unknown}
 G - a scroll of summoning {unknown}
 H - 2 scrolls of blinking {unknown}
 K - a scroll of butterflies {unknown}
Potions
 b - a potion of magic
 c - 4 potions of curing
 h - 5 potions of heal wounds {unknown}
 k - 2 potions of haste {unknown}
 w - 2 potions of cancellation {unknown}
 x - 2 potions of mutation {unknown}
 A - a potion of attraction {unknown}
 B - a potion of might {unknown}
 C - 2 potions of resistance {unknown}


   Skills:
 + Level 9.4 Fighting
 + Level 2.6 Armour
 + Level 3.5 Dodging
 - Level 2.0 Stealth
 - Level 4.0 Shields
 - Level 2.0 Spellcasting
 - Level 1.3 Conjurations
 + Level 10.8 Fire Magic


You had 6 spell levels left.
You knew the following spells:

 Your Spells              Type           Power      Damage    Failure   Level
a - Foxfire               Conj/Fire      100%       2x1d9     1%          1
b - Scorch                Fire           90%        2d9       1%          2
c - Flame Wave            Conj/Fire      26%        2d8       1%          4

Your spell library contained the following spells:

 Spells                   Type           Power      Damage    Failure   Level
 Frozen Ramparts          Ice            4%         1d1       7%          3
 Inner Flame              Hex/Fire       23%        N/A       1%          3
 Kindle Blastsparks       Fire/Tloc/Air  32%        2d12      1%          3
 Dazzling Flash           Conj/Hex       8%         N/A       5%          3
 Summon Small Mammal      Summ           8%         N/A       9%          1
 Iskenderun's Mystic Bla  Conj/Tloc      4%         2d3       16%         4
 Call Canine Familiar     Summ           2%         N/A       24%         3
 Gell's Gravitas          Tloc           2%         N/A       24%         3
 Lesser Beckoning         Tloc           4%         N/A       24%         3
 Summon Guardian Golem    Hex/Summ       2%         N/A       24%         3
 Teleport Other           Tloc           2%         N/A       24%         3
 Starburst                Conj/Fire      13%        6d5       24%         6
 Passage of Golubria      Tloc           2%         N/A       58%         4
 Silence                  Hex/Air        1%         N/A       89%         5
 Lehudib's Crystal Spear  Conj/Erth      2%         10d2      100%        8


Dungeon Overview and Level Annotations

Branches:
Dungeon (9/15)             Temple (1/1) D:4            Lair (0/5) D:8
    Orc: D:9-12

Altars:
Cheibriados
Dithmenos
Kikubaaqudgha
Makhleb
Vehumet
Xom
Zin
The Shining One

Shops:
D:1 !   D:4 (   D:6 :


Innate Abilities, Weirdness & Mutations

You have a beak for a mouth.
You have claws for feet.
Your magical nature lets you fly swiftly and evasively.


Message History

You block the manticore's attack. The manticore closely misses you.
You block the manticore's attack.
The catoblepas breathes a plume of calcifying dust at you.
The blast of calcifying dust hits the manticore.
The blast of calcifying dust hits you.
Flames lash the manticore.
The manticore is burned terribly!
You kill the manticore!
Vehumet accepts your kill.
Vehumet is now aiding your destructive spells.
You feel your power returning.
You are engulfed in calcifying dust.
Flames lash the catoblepas.
The catoblepas is lightly wounded.
The catoblepas's fire resistance burns away.
You are engulfed in calcifying dust.
A steam dragon comes into view.
You are engulfed in calcifying dust.
You are slowing down.
The catoblepas breathes a plume of calcifying dust at you.
The blast of calcifying dust hits you.
Your limbs are stiffening.
You have turned to stone.
The catoblepas gores you! The catoblepas gores you! The catoblepas gores you!!
The catoblepas gores you! The catoblepas gores you!!
You hear an angry hiss.
The catoblepas gores you! The catoblepas gores you!!
* * * LOW HITPOINT WARNING * * *
The catoblepas breathes a plume of calcifying dust at you.
The blast of calcifying dust hits you!
* * * LOW HITPOINT WARNING * * *
You turn to flesh and can move again.
As you read the scroll of teleportation, it crumbles to dust.
You feel strangely unstable.
You are engulfed in calcifying dust.
You are slowing down.
You block the catoblepas's attack.
The catoblepas attacks as you move away!
The catoblepas gores you!!
You die...

D.. # #.
.#..#....... #..
)#!# #.#..###.####
#..#
#..##..#..###.#
#..##..#..##...##.#
#
#..#§...##..#.##.#
##
#..Y..##...#.##.#
.#
###.###...<.....#
##
#.Y#..##..#..#### #
#..#@#..##...##
#..#..§#..##..#
#..#..#.§#..#..#
#.#..#.#..#.#..#
##..#...#..##..#
#.#..#.#..#.#..#
#..#.)#..#..#..#
###..#...#..##..# #
##.##..#.#..##...#


You could see a catoblepas.

Vanquished Creatures
  A manticore (D:8)
  Grinder (D:6)
  2 hornets
  2 wargs (D:8)
  2 water moccasins
  An ice beast (D:7)
  3 orc warriors (D:8)
  2 ogres
  A kobold brigand (D:7)
  3 bullfrogs
  2 necrophages
  A water moccasin zombie (D:4)
  4 scorpions
  5 killer bees (D:8)
  3 hounds
  9 orc priests
  A gnoll bouda (D:4)
  A human zombie (D:4)
  3 jellies
  4 iguanas
  6 orc wizards
  2 hound zombies (D:4)
  5 mummies (D:4)
  4 gnolls
  14 adders
  A shadow imp (D:5)
  4 white imps
  2 ufetubi
  2 adder zombies (D:4)
  A worm (D:2)
  2 dart slugs
  35 orcs
  3 endoplasms
  A giant cockroach (D:4)
  4 goblins
  6 hobgoblins
  2 jackals (D:3)
  5 quokkas
  14 ball pythons
  4 bats
  2 frilled lizards
  8 kobolds
  4 rats
182 creatures vanquished.

Vanquished Creatures (collateral kills)
  8 foxfires
8 creatures vanquished.

Vanquished Creatures (others)
  468 foxfires
  13 plants (D:3)
481 creatures vanquished.

Grand Total: 671 creatures vanquished

Notes
Turn   | Place    | Note
-------+----------+-------------------------------------------
     0 | D:1      | Essalna the Tengu Fire Elementalist began the quest for the
                  | Orb.
     0 | D:1      | Reached XP level 1. HP: 10/10 MP: 4/4
   336 | D:1      | Reached skill level 1 in Fighting
   336 | D:1      | Reached XP level 2. HP: 16/16 MP: 4/6
   401 | D:1      | Found Hupro's Distillery.
  1121 | D:2      | Learned a level 2 spell: Scorch
  1143 | D:2      | Reached XP level 3. HP: 20/20 MP: 4/7
  1153 | D:2      | Reached skill level 4 in Fire Magic
  1394 | D:2      | Reached XP level 4. HP: 26/26 MP: 1/8
  2010 | D:2      | Found a faded altar of an unknown god.
  2539 | D:3      | Gained mutation: Your magical nature lets you fly swiftly
                  | and evasively. [Tengu growth]
  2539 | D:3      | Reached XP level 5. HP: 32/32 MP: 2/9
  2705 | D:3      | Reached skill level 1 in Shields
  3071 | D:3      | Reached skill level 5 in Fire Magic
  3537 | D:4      | Reached XP level 6. HP: 30/37 MP: 0/10
  3629 | D:4      | Found a staircase to the Ecumenical Temple.
  3648 | Temple   | Entered the Ecumenical Temple
  3684 | Temple   | Became a worshipper of Vehumet
  3775 | Temple   | Learned a level 4 spell: Flame Wave
  3832 | D:4      | Found a glowing silver altar of Zin.
  3912 | D:4      | Identified the +11 dagger of the Arena {pain, *Slow rElec
                  | Str+7}
  4061 | D:4      | Identified the +7 spear of the Known World {antimagic,
                  | Str+4 Dex-2 Stlth+}
  4328 | D:4      | Found Yfoas's Antique Weapon Shop.
  4679 | D:4      | Reached XP level 7. HP: 43/43 MP: 6/11
  4719 | D:4      | Found an ancient bone altar of Kikubaaqudgha.
  4826 | D:4      | Reached skill level 6 in Fire Magic
  4861 | D:4      | Reached * piety under Vehumet
  4861 | D:4      | Offered knowledge of Sandblast by Vehumet.
  5208 | D:5      | Entered Level 5 of the Dungeon
  5759 | D:5      | Reached skill level 5 in Fighting
  5875 | D:5      | Reached XP level 8. HP: 49/49 MP: 6/12
  5985 | D:5      | Reached skill level 7 in Fire Magic
  6642 | D:6      | Found Keaprupt's Book Shoppe.
  6664 | D:6      | Noticed Grinder
  6669 | D:6      | Killed Grinder
  6675 | D:6      | Offered knowledge of Freeze by Vehumet.
  6676 | D:6      | Reached skill level 8 in Fire Magic
  6687 | D:6      | Reached ** piety under Vehumet
  7224 | D:7      | Reached XP level 9. HP: 57/57 MP: 8/13
  7451 | D:7      | Reached skill level 9 in Fire Magic
  7649 | D:7      | Noticed a hornet
  7655 | D:7      | Killed a hornet
  8557 | D:8      | Reached skill level 10 in Fire Magic
  8908 | D:8      | Noticed a hornet
  8926 | D:8      | Killed a hornet
  8926 | D:8      | Offered knowledge of Frozen Ramparts by Vehumet.
  8927 | D:8      | Reached skill level 1 in Armour
  9127 | D:8      | Found a staircase to the Lair.
  9151 | D:8      | Reached XP level 10. HP: 66/66 MP: 6/14
  9771 | D:8      | Noticed a manticore
  9773 | D:8      | Noticed a catoblepas
  9776 | D:8      | Killed a manticore
  9776 | D:8      | Reached *** piety under Vehumet
  9791 | D:8      | Slain by a catoblepas

Illustrated notes

Levels and vault maps discovered:
D:1:      evilmike_arrival_home_sweet_home, layout_rooms, serial_shops, shop,
          minmay_box_of_dots
D:2:      layout_loops_ring, nicolae_ecumenical_lake_church,
          minmay_misc_feat_tiny
D:3:      wad_woods_pond, layout_basic, fountainhead
D:4:      layout_cave_pools, lemuel_mausoleum_altar_kikubaaqudgha,
          mainiacjoe_overflow_small_starburst, minmay_temple_entry_slanted,
          serial_shops, nicolae_shop_waterfront
D:5:      layout_basic
D:6:      layout_rooms, serial_shops, shop_statue, uniq_grinder
D:7:      layout_gridville, minmay_misc_feat_alley
D:8:      minmay_the_grid_octo_2x2 [minmay_the_grid_octo_thin_diamonds,
          minmay_the_grid_octo_pinwheel, minmay_the_grid_octo_horde,
          minmay_the_grid_octo_prize_star], layout_basic,
          erik_lair_orcish_takeover, bh_walls_and_bars
D:9:      layout_loops_cross, general_overflow_altar,
          nicolae_shop_overcharged_wands, uniq_maurice, uniq_harold
Temple:   regret_index_temple_chain_breaker

Skill      XL: |  1  2  3  4  5  6  7  8  9 10 |
---------------+-------------------------------+-----
Fighting       | 1 2 3 4 5 7 9 |  9.4
Fire Magic     | 4 5 6 8 10 | 10.8
Shields        | 2 4 |  4.0
Armour         | 1 2 |  2.6
Dodging        | 3 |  3.5
Stealth        | |  2.0
Spellcasting   | |  2.0
Conjurations   | |  1.3

Action                   |  1- 3 |  4- 6 |  7- 9 | 10-12 || total
-------------------------+-------+-------+-------+-------++-------
Melee: Unarmed           |     7 |       |       |       ||     7
       Kick              |     5 |    11 |    18 |     6 ||    40
       Peck              |     3 |     7 |     9 |     5 ||    24
       Dagger            |       |    36 |    54 |    18 ||   108
 Cast: Foxfire           |    64 |   123 |    87 |       ||   274
       Scorch            |     5 |    22 |    96 |    17 ||   140
       Flame Wave        |       |       |     5 |       ||     5
  Use: Scroll            |     2 |       |       |     1 ||     3
 Stab: Sleeping          |       |     2 |       |       ||     2
Armor: Robe              |     1 |     6 |    11 |     3 ||    21
Dodge: Dodged            |     6 |    37 |    60 |     5 ||   108
Block: Buckler           |       |     6 |    26 |    10 ||    42

Table legend: (Time is in decaauts)
 A = Elapsed time spent in this place.
 B = Non-inter-level travel time spent in this place.
 C = Inter-level travel time spent in this place.
 D = Time resting spent in this place.
 E = Time spent auto-exploring this place.
 F = Levels seen in this place.
 G = Mean time per level.
                   A        B        C        D        E       F      G
               +--------+--------+--------+--------+--------+-----+--------+
         Total |   9455 |   9237 |    218 |    362 |   7683 |  10 |  945.5 |
       Dungeon |   9339 |   9133 |    206 |    298 |   7656 |   9 | 1037.7 |
        Temple |    115 |    103 |     12 |     64 |     26 |   1 |  115.0 |
               +--------+--------+--------+--------+--------+-----+--------+

Top non-repeatable levels by time:
     D:4: 1530 daAuts
     D:3: 1356 daAuts
     D:7: 1261 daAuts
     D:5: 1106 daAuts
     D:8: 1090 daAuts
     D:2: 1080 daAuts
     D:1: 1074 daAuts
     D:6: 694 daAuts
     D:9: 145 daAuts
  Temple: 115 daAuts
